Map: Blackburn LE

Players

Scarlett - Winner!

  • Race: Zerg Zerg

TriGGeR

  • Race: Protoss Protoss

Event: DreamHack SC2 Masters 2021 Winter

VOD

Have the link to the VOD?

Description

Time

  • Played on: Oct. 5, 2021, 7:32 p.m.
  • Length: 12:21

All games in this series

Show
View Real Time Build Order
Export as new Build Order

Scarlett Zerg - Winner!

Build Orders: Hatch First 

Get SALT Encoding   

  12  0:00  Drone  
  13  0:12  Overlord  
  13  0:16  Drone  
  14  0:30  Drone x2  
  16  0:48  Hatchery  
  15  0:51  Drone  
  15  0:54  Drone  
  17  0:58  Drone  
  18  1:08  Extractor  
  17  1:13  Spawning Pool  
  17  1:17  Drone  
  17  1:20  Drone  
  18  1:28  Drone  
  19  1:41  Drone  
  20  1:52  Drone  
  21  1:59  Queen  
  21  2:00  Zergling x2, Queen  
  21  2:01  Overlord  
  26  2:12  Metabolic Boost  
  26  2:13  Drone x2  
  28  2:21  Drone  
  28  2:22  Drone  
  30  2:34  Hatchery  
  29  2:40  Drone  
  29  2:42  Drone  
  31  2:47  Queen  
  31  2:50  Overlord  
  33  2:53  Zergling x2  
  34  2:59  Drone x2  
  34  3:04  Overlord  
  36  3:14  Drone x4  
  36  3:16  Queen  
  42  3:23  Queen  
  44  3:27  Zergling x4  
  44  3:32  Drone  
  47  3:37  Drone  
  47  3:40  Drone x2  
  50  3:42  Drone  
  50  3:46  Drone x3  
  50  3:48  Queen  
  56  3:52  Queen  
  56  3:54  Overlord  
  58  3:59  Spore Crawler  
  58  4:02  Drone  
  58  4:04  Overlord  
  58  4:10  Extractor  
  58  4:11  Drone, Extractor  
  58  4:12  Drone  
  58  4:13  Drone x5  
  63  4:17  Drone x2  
  63  4:23  Queen  
  67  4:27  Roach Warren  
  67  4:31  Drone x3  
  69  4:38  Drone x3  
  69  4:43  Queen  
  69  4:45  Overlord  
  71  4:48  Drone  
  71  4:49  Overlord  
  71  4:52  Overlord  
  72  4:55  Spore Crawler  
  72  4:59  Spore Crawler  
  70  5:06  Roach x4  
  78  5:13  Roach x4  
  86  5:23  Roach  
  86  5:24  Roach x3  
  86  5:26  Overlord x2  
  94  5:30  Ravager x2  
  94  5:32  Overlord  
  91  5:49  Ravager x3, Zergling x2  
  98  5:50  Zergling x18  
  98  5:54  Zergling x6  
  107  6:00  Ravager  
  107  6:01  Zergling x8  
  112  6:07  Queen  
  112  6:10  Ravager  
  115  6:15  Zergling x12  
  118  6:20  Zergling x2  
  118  6:21  Zergling x6  
  115  6:27  Ravager x2  
  113  6:35  Zergling x8  
  101  6:48  Lair  
  101  6:49  Queen x2  
  101  6:50  Drone x5  
  105  6:59  Drone  
  105  7:00  Drone x4  
  103  7:12  Drone x2  
  103  7:13  Drone x5  
  99  7:25  Queen  
  89  7:38  Spore Crawler x2  
  89  7:39  Drone x5  
  89  7:42  Extractor x3  
  89  7:43  Evolution Chamber  
  88  7:53  Spore Crawler  
  88  7:55  Hydralisk Den, Queen  
  88  8:00  Ravager  
  88  8:01  Queen  
  88  8:05  Overlord  
  91  8:07  Queen  
  87  8:23  Hydralisk x11  
  108  8:30  Hydralisk x2  
  108  8:31  Queen  
  112  8:37  Queen  
  114  8:41  Hydralisk  
  114  8:42  Hydralisk  
  114  8:43  Queen  
  114  8:54  Grooved Spines  
  109  8:58  Overlord x4  
  109  9:01  Drone  
  109  9:02  Drone x5  
  111  9:07  Queen  
  113  9:12  Zerg Missile Weapons Level 1  
  113  9:14  Hatchery  
  112  9:20  Drone x2, Queen  
  117  9:24  Drone x4  
  116  9:39  Hydralisk x6  
  128  9:51  Hydralisk x4  
  136  10:00  Overlord  
  136  10:01  Overlord  
  136  10:02  Hydralisk x4  
  136  10:03  Queen  
  147  10:10  Muscular Augments  
  144  10:14  Hydralisk  
  144  10:15  Hydralisk x2  
  150  10:22  Hatchery  
  150  10:25  Hydralisk x2  
  153  10:33  Hydralisk x3  
  159  10:45  Hydralisk x5  
  169  10:52  Overseer  
  169  10:56  Hydralisk x3  
  175  11:01  Overlord x2  
  170  11:12  Hydralisk x5  
  174  11:18  Hydralisk  
  174  11:19  Hydralisk  
  174  11:25  Overseer x2  
  172  11:34  Hydralisk x4  
  172  11:38  Hydralisk x2  
  174  11:57  Hydralisk  
Show
View Real Time Build Order
Export as new Build Order

TriGGeR Protoss 

Build Orders: 1 Gate Expand, Oracle Opening 

Get SALT Encoding   

  12  0:00  Probe  
  13  0:12  Probe  
  14  0:19  Pylon  
  14  0:24  Probe (Chrono Boost)  
  15  0:39  Probe (Chrono Boost)  
  15  0:40  Gateway  
  16  0:45  Probe (Chrono Boost)  
  16  0:47  Assimilator  
  17  0:53  Probe  
  18  1:05  Probe  
  19  1:17  Probe  
  20  1:25  Nexus  
  20  1:29  Probe  
  21  1:40  Cybernetics Core  
  21  1:43  Probe  
  22  1:48  Assimilator  
  22  1:55  Pylon  
  22  1:58  Probe  
  23  2:13  Adept (Chrono Boost), Probe (Chrono Boost)  
  24  2:17  Warp Gate  
  26  2:25  Probe (Chrono Boost)  
  26  2:26  Stargate  
  27  2:30  Probe (Chrono Boost)  
  27  2:36  Adept  
  30  2:37  Probe (Chrono Boost)  
  32  2:46  Probe x2 (Chrono Boost)  
  33  2:52  Probe (Chrono Boost)  
  33  2:53  Probe  
  35  3:03  Void Ray (Chrono Boost), Probe  
  36  3:05  Probe  
  41  3:16  Probe  
  41  3:17  Probe, Pylon  
  43  3:28  Gateway, Probe  
  43  3:32  Probe  
  45  3:37  Oracle (Chrono Boost)  
  48  3:42  Probe  
  48  3:47  Nexus  
  49  3:50  Probe  
  49  3:53  Pylon  
  50  3:56  Probe  
  50  4:02  Probe  
  52  4:05  Assimilator  
  52  4:07  Assimilator  
  52  4:08  Probe  
  52  4:09  Void Ray (Chrono Boost)  
  53  4:13  Protoss Air Weapons Level 1 (Chrono Boost)  
  57  4:19  Probe  
  58  4:25  Probe  
  59  4:31  Probe, Shield Battery  
  59  4:37  Probe  
  61  4:40  Stargate  
  61  4:43  Probe  
  62  4:52  Void Ray (Chrono Boost), Pylon  
  62  4:58  Pylon  
  62  4:59  Adept x2, Probe (Chrono Boost)  
  72  5:04  Probe (Chrono Boost), Forge  
  72  5:06  Probe (Chrono Boost)  
  73  5:10  Probe (Chrono Boost)  
  73  5:13  Probe (Chrono Boost)  
  75  5:14  Assimilator  
  75  5:16  Probe (Chrono Boost)  
  75  5:20  Adept x2  
  80  5:22  Void Ray (Chrono Boost)  
  80  5:25  Void Ray (Chrono Boost)  
  85  5:41  Photon Cannon  
  85  5:42  Photon Cannon  
  85  5:45  Photon Cannon  
  85  5:47  Photon Cannon  
  81  5:52  Shield Battery  
  81  5:54  Shield Battery  
  81  5:55  Void Ray (Chrono Boost)  
  81  5:56  Pylon  
  79  5:58  Photon Cannon  
  79  6:04  Void Ray (Chrono Boost)  
  83  6:10  Shield Battery  
  87  6:17  Shield Battery  
  85  6:25  Void Ray (Chrono Boost)  
  83  6:30  Zealot x2  
  89  6:34  Void Ray (Chrono Boost)  
  85  6:45  Pylon  
  81  6:59  Void Ray (Chrono Boost)  
  73  7:06  Void Ray (Chrono Boost)  
  77  7:08  Zealot  
  77  7:12  Probe x2  
  74  7:24  Probe  
  74  7:25  Probe  
  74  7:26  Void Ray (Chrono Boost)  
  73  7:36  Probe  
  77  7:41  Probe  
  77  7:43  Nexus  
  78  7:52  Pylon  
  78  7:55  Pylon  
  78  8:00  Pylon  
  78  8:01  Void Ray (Chrono Boost)  
  78  8:08  Void Ray (Chrono Boost)  
  78  8:10  Probe  
  71  8:19  Probe  
  76  8:22  Probe  
  77  8:31  Probe  
  78  8:35  Void Ray (Chrono Boost)  
  78  8:36  Probe  
  79  8:43  Probe  
  84  8:52  Void Ray (Chrono Boost)  
  84  8:54  Probe (Chrono Boost)  
  81  9:01  Probe (Chrono Boost)  
  76  9:10  Probe (Chrono Boost)  
  76  9:11  Probe x2 (Chrono Boost)  
  76  9:12  Cybernetics Core  
  76  9:14  Pylon  
  78  9:17  Probe (Chrono Boost)  
  78  9:20  Probe (Chrono Boost)  
  78  9:22  Probe (Chrono Boost)  
  80  9:28  Probe (Chrono Boost)  
  80  9:29  Void Ray  
  82  9:31  Probe (Chrono Boost)  
  82  9:33  Void Ray  
  82  9:34  Probe (Chrono Boost)  
  82  9:35  Probe (Chrono Boost)  
  93  9:47  Probe (Chrono Boost)  
  93  9:50  Probe (Chrono Boost)  
  93  9:51  Photon Cannon  
  93  9:52  Probe (Chrono Boost), Shield Battery  
  95  9:55  Robotics Facility  
  95  10:03  Probe x2  
  97  10:10  Probe  
  97  10:13  Assimilator  
  102  10:16  Pylon  
  102  10:17  Probe  
  102  10:18  Probe  
  104  10:22  Probe  
  104  10:28  Gateway  
  101  10:29  Probe  
  101  10:30  Gateway, Fleet Beacon  
  101  10:32  Twilight Council  
  102  10:38  Photon Cannon  
  102  10:39  Sentry x2  
  102  10:41  Photon Cannon, Probe  
  107  10:44  Observer (Chrono Boost)  
  107  10:48  Robotics Bay  
  108  10:54  Void Ray  
  108  10:57  Shield Battery  
  108  10:59  Photon Cannon  
  108  11:01  Pylon  
  112  11:04  Sentry x2  
  112  11:11  Void Ray  
  104  11:23  Photon Cannon  
  104  11:27  Zealot  
  104  11:28  Zealot  
  104  11:35  Zealot  
  104  11:36  Zealot  
  84  11:40  Disruptor (Chrono Boost)  
  74  11:49  Sentry x2  
  65  12:08  Sentry  
  65  12:10  Zealot  

Tags
 
Add a new tag
Caveats
  • Supply blocks, unpowered buildings, or Contaminate may cause inaccurate times.
  • Supply counts are checked every 10 seconds.